 Dungeon Crawl Stone Soup version 0.31-a0-177-g4aa6249778 (webtiles) character file.

Game seed: 2813284978346937652

507 qw the Chopper (level 7, -1/43 HPs)
             Began as a Gargoyle Fighter on June 18, 2023.
             Slain by an ogre
             ... wielding a +0 giant club
              (23 damage)
             ... on level 5 of the Dungeon.
             The game lasted 00:01:44 (3334 turns).

qw the Chopper (Gargoyle Fighter)                   Turns: 3334, Time: 00:01:45

Health: -1/43      AC: 20    Str: 22    XL:     7   Next: 18%
Magic:  7/7        EV:  6    Int:  8    God:
Gold:   111        SH:  4    Dex:  9    Spells: 6/6 levels left

rFire   . . .        Y - +2 war axe
rCold   . . .        c - +0 buckler
rNeg    + + .        h - +0 plate armour
rPois   inf          (no helmet)
rElec   +            (no cloak)
rCorr   .            (no gloves)
SInv    .            (no boots)
Will    .....        (no amulet) Stlth
                     b - ring "Veipewurr" {rN+ AC+4}
HPRegen 0.27/turn    (no ring)
MPRegen 0.10/turn

%: no passive effects
@: no status effects
A: sickness immunity, AC +4, negative energy resistance 1, electricity
resistance, torment resistance 1, petrification resistance
a: no special abilities


You were on level 5 of the Dungeon.
You visited 1 branch of the dungeon, and saw 5 of its levels.

You collected 111 gold pieces.


Innate Abilities, Weirdness & Mutations

You are immune to sickness and miasma.
Your stone body is resilient. (AC +4)
You are immune to poison.
You resist negative energy. (rN+)
You are resistant to electric shocks. (rElec)
You are resistant to unholy torment.
You are immune to petrification.


   Skills:
 - Level 4.0 Fighting
 + Level 6.7 Axes
 - Level 3.2 Armour
 - Level 3.2 Shields


You had 6 spell levels left.
You didn't know any spells.
Your spell library was empty.

Inventory:

Hand Weapons
 a - the +5 eveningstar "Duchis" {flame, Drain rPois rCorr}
   (You found it on level 4 of the Dungeon)

   rPois:     It protects you from poison.
   rCorr:     It protects you from acid and corrosion.
   Drain:     It drains your maximum health when unequipped.
 Y - a +2 war axe (weapon)
Armour
 c - a +0 buckler (worn)
 h - a +0 plate armour (worn)
Jewellery
 b - the ring "Veipewurr" (left hand) {rN+ AC+4}
   (You found it on level 2 of the Dungeon)

   [ring of protection]

   AC:        It affects your AC (+4).
   rN:        It protects you from negative energy.
 i - a ring of ice
Scrolls
 f - a scroll of identify
Potions
 d - 2 potions of might
 e - a potion of mutation {unknown}
 g - a potion of haste
 j - a potion of cancellation
 k - a potion of magic {unknown}
 l - a potion of curing {unknown}
 m - a potion of lignification {unknown}

Dungeon Overview and Level Annotations

Branches:
Dungeon (5/15)
 Temple: D:4-7

Altars:
Cheibriados
Gozag


Message History

As you read the scroll labelled DYSORO PEANGU, it crumbles to dust.
You hear a loud clanging noise!
It was a scroll of noise.
Done exploring.
3315 ||| DRINKING 2 bubbling coppery potions.
It was a potion of cancellation.
You feel magically purged.
Done exploring.
(D) Dungeon
Where to? (* - list waypoints, Enter - D:4, ? - help)
What level of the Dungeon? (default 1, ? - help)
There is a stone staircase leading down here.
You climb downwards.
Found a sling.
Found an escape hatch in the floor and an escape hatch in the ceiling.
There is a stone staircase leading up here.
Waypoint 4 assigned to D:5.
An ogre comes into view. It is wielding a +0 giant club.
The ogre shouts!
You slash the ogre!
The ogre is moderately wounded.
The ogre completely misses you.
You barely miss the ogre.
The ogre is moderately wounded.
You hit the ogre.
The ogre is heavily wounded.
The ogre completely misses you.
You hit the ogre.
The ogre is heavily wounded.
The ogre hits you with a +0 giant club!
You barely miss the ogre.
The ogre is heavily wounded.
The ogre hits you with a +0 giant club!
You closely miss the ogre.
The ogre is heavily wounded.
The ogre hits you but does no damage.
You hit the ogre.
The ogre is severely wounded.
The ogre hits you with a +0 giant club!!
Ouch! That really hurt!
You die...

#.......#
#.......#
#....<..#
#.......#
#.......+
#.......#
#.......#
#..<....#
#...@..>#
#...O...#
#.....).#
#.........
#...........
#...........
#...........
#...........


You could see an ogre.

Vanquished Creatures
  Sigmund (D:2)
  2 scorpions
  An orc priest (D:3)
  2 iguanas (D:4)
  3 gnolls (D:4)
  4 adders
  4 worms
  2 dart slugs
  5 orcs (D:3)
  10 ball pythons
  4 bats
  8 endoplasms
  4 giant cockroaches
  6 goblins
  10 hobgoblins
  4 quokkas
  3 frilled lizards (D:3)
  2 kobolds
  4 rats
79 creatures vanquished.

Notes
Turn   | Place    | Note
-------+----------+-------------------------------------------
     0 | D:1      | qw the Gargoyle Fighter began the quest for the Orb.
     0 | D:1      | Reached XP level 1. HP: 14/14 MP: 1/1
     0 | D:1      | 0 ||| qw: Version: 0.3-a-7-ge0c9b40
     0 | D:1      | 0 ||| qw: Game counter: 843
     0 | D:1      | 0 ||| qw: Always use a shield: true
     0 | D:1      | 0 ||| qw: God list: Okawaru
     0 | D:1      | 0 ||| qw: Allow faded altars: false
     0 | D:1      | 0 ||| qw: Do Orc after D:15 true
     0 | D:1      | 0 ||| qw: Do second Lair branch before Depths: true
     0 | D:1      | 0 ||| qw: Lair rune preference: random
     0 | D:1      | 0 ||| qw: Plans: Normal, Zot:1-4, Slime:5, God:TSO, Crypt,
                  | Tomb, Abyss, Pan, Hells, Win
     0 | D:1      | 0 ||| PLANNING D:1-11
    74 | D:1      | Reached skill level 2 in Axes
   176 | D:1      | Reached XP level 2. HP: 19/19 MP: 2/2
   292 | D:1      | 292 ||| Stepping ~*~*~tactically~*~*~ (stealth).
   675 | D:1      | Found a faded altar of an unknown god.
   776 | D:1      | Reached skill level 3 in Axes
   900 | D:1      | 900 ||| UPGRADING to +0 plate armour.
   910 | D:1      | 910 ||| DROPPING +0 scale mail.
   911 | D:1      | 911 ||| READING scroll labelled XIMONEMAOC.
   964 | D:2      | Reached XP level 3. HP: 23/23 MP: 3/3
   977 | D:2      | Found an opulent altar of Gozag.
   995 | D:2      | 995 ||| Stepping ~*~*~tactically~*~*~ (hiding).
  1016 | D:2      | 1016 ||| DROPPING +0 club.
  1028 | D:2      | Identified the ring "Veipewurr" {rN+ AC+4}
  1547 | D:2      | 1547 ||| Stepping ~*~*~tactically~*~*~ (stealth).
  1616 | D:2      | Noticed Sigmund
  1626 | D:2      | Killed Sigmund
  1627 | D:2      | Reached skill level 5 in Axes
  1627 | D:2      | Reached XP level 4. HP: 28/28 MP: 4/4
  1627 | D:2      | Reached XP level 5. HP: 32/32 MP: 5/5
  1633 | D:2      | 1633 ||| UPGRADING to ring "Veipewurr" {rN+ AC+4}.
  1634 | D:2      | 1634 ||| READING scroll labelled PURHECOTZE.
  1635 | D:2      | 1635 ||| READING scroll labelled AGYOLILARA.
  1803 | D:3      | 1803 ||| Stepping ~*~*~tactically~*~*~ (stealth).
  1804 | D:3      | 1804 ||| Stepping ~*~*~tactically~*~*~ (stealth).
  1805 | D:3      | 1805 ||| Stepping ~*~*~tactically~*~*~ (stealth).
  1828 | D:3      | Reached XP level 6. HP: 35/38 MP: 6/6
  1846 | D:3      | 1846 ||| DROPPING +0 whip.
  1896 | D:3      | 1896 ||| READING scroll of enchant weapon.
  1896 | D:3      | 1896 ||| ENCHANTING +1 war axe.
  2159 | D:3      | 2159 ||| Stepping ~*~*~tactically~*~*~ (stealth).
  2274 | D:3      | 2274 ||| Stepping ~*~*~tactically~*~*~ (stealth).
  2364 | D:3      | 2364 ||| READING scroll labelled JIDDOCZAAMOR.
  2365 | D:3      | 2365 ||| READING 2 scrolls of identify.
  2365 | D:3      | 2365 ||| IDENTIFYING metallic clear potion
  2366 | D:3      | 2366 ||| DROPPING potion of ambrosia.
  2379 | D:4      | Found a snail-covered altar of Cheibriados.
  2386 | D:4      | Identified the +5 eveningstar "Duchis" {flame, Drain rPois
                  | rCorr}
  2388 | D:4      | 2388 ||| DROPPING +0 flail.
  2503 | D:4      | Reached skill level 6 in Axes
  2576 | D:4      | Reached XP level 7. HP: 43/43 MP: 7/7
  2582 | D:4      | 2582 ||| Stepping ~*~*~tactically~*~*~ (hiding).
  2586 | D:4      | 2586 ||| Stepping ~*~*~tactically~*~*~ (hiding).
  2719 | D:4      | 2719 ||| Stepping ~*~*~tactically~*~*~ (stealth).
  2819 | D:4      | 2819 ||| FLEEEEING.
  2820 | D:4      | 2820 ||| FLEEEEING.
  2828 | D:4      | 2828 ||| FLEEEEING.
  2829 | D:4      | 2829 ||| FLEEEEING.
  2830 | D:4      | 2830 ||| FLEEEEING.
  2831 | D:4      | 2831 ||| FLEEEEING.
  2832 | D:4      | 2832 ||| FLEEEEING.
  2833 | D:4      | 2833 ||| FLEEEEING.
  2878 | D:4      | 2878 ||| Stepping ~*~*~tactically~*~*~ (stealth).
  2880 | D:4      | 2880 ||| Stepping ~*~*~tactically~*~*~ (stealth).
  2881 | D:4      | 2881 ||| Stepping ~*~*~tactically~*~*~ (stealth).
  3112 | D:4      | Found Ponk's Jewellery Emporium.
  3314 | D:4      | 3314 ||| READING scroll labelled DYSORO PEANGU.
  3315 | D:4      | 3315 ||| DRINKING 2 bubbling coppery potions.
  3321 | D:5      | Entered Level 5 of the Dungeon
  3334 | D:5      | Slain by an ogre

Levels and vault maps discovered:
D:1:      sevenhm_arrival_forest_fort_large_4, layout_basic,
          shapermc_ecumenical_altar_pompeii
D:2:      layout_loops_cross, basic_altar, nicolae_underground_beach,
          uniq_sigmund
D:3:      minmay_octagon_keep, layout_basic
D:4:      layout_gridville, mainiacjoe_overflow_tiny_flanked, serial_shops,
          shop, nicolae_kite_square_tiling_tiny
D:5:      layout_gridville, overflow_temple_1_default

Skill      XL: |  1  2  3  4  5  6 |
---------------+-------------------+-----
Axes           | 2 3 5 6 |  6.7
Fighting       | 4 |  4.0
Armour         | |  3.2
Shields        | |  3.2

Action                     |  1- 3 |  4- 6 |  7- 9 || total
---------------------------+-------+-------+-------++-------
  Melee: War axe           |   101 |   110 |    41 ||   252
    Use: Scroll            |     1 |     5 |     1 ||     7
         Potion            |       |       |     1 ||     1
 Armour: Scale mail        |    28 |       |       ||    28
         Plate armour      |    26 |    60 |    28 ||   114
  Dodge: Dodged            |    23 |    36 |    18 ||    77
  Block: Buckler           |    10 |    24 |     6 ||    40

Table legend:
 A = Non-vault XP
 B = Vault XP
 C = Vault XP percentage of total XP
 D = Non-vault monster count
 E = Vault monster count
 F = Vault count percentage of total count
                 A         B        C        D         E       F
            +---------+---------+-------+---------+---------+-------
      Total |     501 |     224 |  30.9 |      70 |       9 |  11.4
            +---------+---------+-------+---------+---------+-------
        D:1 |      30 |       0 |   0.0 |      18 |       0 |   0.0
        D:2 |      51 |     210 |  80.5 |      11 |       1 |   8.3
        D:3 |     196 |      14 |   6.7 |      24 |       8 |  25.0
        D:4 |     224 |       0 |   0.0 |      17 |       0 |   0.0
            +---------+---------+-------+---------+---------+-------
